 Dungeon Crawl Stone Soup version 0.28.0-53-g5a82cb258f (webtiles) character file.

Game seed: 16361844312894817665

389 Asher535 the Conjurer (level 6, 0/46 HPs)
             Began as a Draconian Conjurer on July 26, 2022.
             Was a Believer of Elyvilon.
             Slain by Duvessa
             ... wielding a +0 short sword
              (6 damage)
             ... on level 4 of the Dungeon.
             The game lasted 00:36:20 (5488 turns).

Asher535 the Conjurer (Draconian Conjurer)          Turns: 5488, Time: 00:36:21

Health: 0/46       AC:  7    Str:  9    XL:     6   Next: 49%
Magic:  3/11       EV: 12    Int: 20    God:    Elyvilon [**....]
Gold:   163        SH:  0    Dex: 10    Spells: 1/11 levels left

rFire   . . .      SeeInvis .   G - +4 dagger (protect)
rCold   . . .      Faith    .   (no shield)
rNeg    . . .      Spirit   .   (armour unavailable)
rPois   .          Reflect  .   (helmet restricted)
rElec   .          Harm     .   a - +0 cloak
rCorr   .          Rampage  .   (no gloves)
Will    .....                   (no boots)
Stlth   ++........              (no amulet)
HPRegen 0.15/turn               (no ring)
MPRegen 0.12/turn               (no ring)

@: no status effects
A: AC +6, unfitting armour, cold-blooded
a: Renounce Religion, Purification, Heal Other


You were on level 4 of the Dungeon.
You worshipped Elyvilon.
Elyvilon was pleased with you.
You visited 1 branch of the dungeon, and saw 4 of its levels.

You collected 163 gold pieces.

Inventory:

Hand Weapons
 e - a +0 dagger
 j - a +0 short sword
 l - a +0 dagger of venom
 o - a +0 hunting sling
 s - a +0 club
 t - a +0 mace
 u - a +0 flail
 v - a +0 hand axe
 y - a +0 shortbow
 B - a +2 quarterstaff of chaos
 D - a +0 spear
 G - a +4 dagger of protection (weapon)
 I - a +0 giant spiked club
Missiles
 p - 40 stones
 z - 21 arrows
Armour
 a - a +0 cloak (worn)
 d - a +0 scale mail
 g - a +0 leather armour
 k - a +0 robe
 n - a +0 chain mail
 q - a +0 ring mail
 r - a +0 leather armour
 w - a +0 ring mail
 x - a +0 ring mail
 A - a +0 helmet
 C - a +0 cloak
Jewellery
 E - an amulet of reflection
Scrolls
 h - a scroll of enchant weapon
 i - a scroll of noise
 H - a scroll of teleportation
Potions
 b - a potion of berserk rage
 c - a potion of heal wounds {unknown}
 f - a potion of brilliance
 m - a potion of mutation {unknown}
 F - a potion of attraction {unknown}


   Skills:
 + Level 0.9 Fighting
 + Level 1.0 Short Blades
 + Level 2.6 Dodging
 + Level 2.4 Stealth
 - Level 0.2 Unarmed Combat
 + Level 3.4 Spellcasting
 * Level 6.2 Conjurations
 + Level 0.1 Hexes
 + Level 0.2 Summonings


You had one spell level left.
You knew the following spells:

 Your Spells              Type           Power      Damage    Failure   Level
a - Magic Dart            Conj           100%       1d8       1%          1
b - Searing Ray           Conj           56%        2d6       1%          2
c - Summon Guardian Gole  Hex/Summ       4%         N/A       36%         3
d - Fulminant Prism       Conj/Hex       8%         3d7       36%         4

Your spell library contained the following spells:

 Spells                   Type           Power      Damage    Failure   Level
 Dazzling Flash           Conj/Hex       32%        N/A       11%         3
 Iskenderun's Mystic Bla  Conj/Tloc      15%        2d5       36%         4
 Orb of Destruction       Conj           14%        9d7       100%        7
 Spellforged Servitor     Conj/Summ      8%         N/A       100%        7


Dungeon Overview and Level Annotations

Branches:
Dungeon (4/15)
 Temple: D:4-7

Altars:
Elyvilon
Kikubaaqudgha
Nemelex Xobeh
Ru

Annotations:
D:4 Dowan, Duvessa


Innate Abilities, Weirdness & Mutations

Your plain brown scales are hard. (AC +6)
You cannot fit into any form of body armour.
You are cold-blooded and may be slowed by cold attacks.


Message History

You barely miss Duvessa.
Duvessa is moderately wounded.
Duvessa misses you. Duvessa hits you with a +0 short sword.
You hit Duvessa.
Duvessa is heavily wounded.
Duvessa closely misses you.
You hit Duvessa.
Duvessa is heavily wounded.
Duvessa hits you with a +0 short sword. x2
Okay, then.
Casting: Summon Guardian Golem (quite dangerous; 36% risk of failure)
Confirm with . or Enter, or press ? or * to list all spells.
Aiming: Magic Dart (safe; 1% risk of failure)
Press: ? - help, Shift-Dir - straight line, f/p - Duvessa
Aim: Duvessa, wielding a +0 short sword and wearing a +0 leather armour (heavily wounded, fast, 100% to hit)
The magic dart hits Duvessa.
Duvessa is severely wounded.
Duvessa hits you with a +0 short sword!
* * * LOW HITPOINT WARNING * * *
Casting: Magic Dart (safe; 1% risk of failure)
Confirm with . or Enter, or press ? or * to list all spells.
Aiming: Magic Dart (safe; 1% risk of failure)
Press: ? - help, Shift-Dir - straight line, f/p - Duvessa
Aim: Duvessa, wielding a +0 short sword and wearing a +0 leather armour (severely wounded, fast, 100% to hit)
The magic dart hits Duvessa but does no damage.
Duvessa is severely wounded.
Duvessa hits you with a +0 short sword.
* * * LOW HITPOINT WARNING * * *
Duvessa closely misses you.
Okay, then.
Okay, then.
Duvessa says, "My weaknesses are his strengths!"
Duvessa hits you but does no damage.
Found a stone staircase leading down.
Duvessa hits you with a +0 short sword.
* * * LOW HITPOINT WARNING * * *
Duvessa barely misses you.
Your guardian golem disappears in a puff of smoke!
Duvessa hits you with a +0 short sword.
You die...

.. .. #.#. #.#..
###########
.....##ee@...>...
..
#..?....#########
#. #.#..#§§.## #.
#(......# #.
.....#§§.## #.
#######.## #.# #
#.# ####.#####
#.# #.......#.
##'## #.##.##..#


You could see Duvessa (fast) and Dowan.

Vanquished Creatures
  A centaur (D:3)
  A phantom (D:4)
  A centaur zombie (D:3)
  Crazy Yiuf (D:3)
  Natasha (thrice) (D:2)
  An orc wizard (D:4)
  An adder (D:4)
  2 dart slugs
  9 orcs
  6 ball pythons
  An endoplasm (D:2)
  4 giant cockroaches
  3 goblins
  4 hobgoblins
  7 jackals
  4 quokkas
  4 bats
  2 frilled lizards (D:1)
  5 kobolds
  A rat (D:3)
61 creatures vanquished.

Notes
Turn   | Place    | Note
-------+----------+-------------------------------------------
     0 | D:1      | Asher535 the Draconian Conjurer began the quest for the
                  | Orb.
     0 | D:1      | Reached XP level 1. HP: 14/14 MP: 3/3
  1152 | D:1      | Reached XP level 2. HP: 11/20 MP: 0/5
  1524 | D:1      | Learned a level 2 spell: Searing Ray
  1917 | D:2      | Reached XP level 3. HP: 26/26 MP: 3/6
  2098 | D:2      | Noticed Natasha
  2396 | D:2      | Killed Natasha
  2516 | D:2      | Found a faded altar of an unknown god.
  2582 | D:2      | Prayed at the altar of an unknown god.
  2582 | D:2      | Became a worshipper of Elyvilon the Healer
  2582 | D:2      | Reached * piety under Elyvilon
  2590 | D:2      | Noticed Natasha
  2594 | D:2      | Killed Natasha
  2595 | D:2      | Reached skill level 5 in Conjurations
  2595 | D:2      | Reached XP level 4. HP: 33/33 MP: 2/7
  2690 | D:2      | Noticed Natasha
  2701 | D:2      | Killed Natasha
  3574 | D:3      | Reached ** piety under Elyvilon
  3703 | D:3      | Found an ancient bone altar of Kikubaaqudgha.
  3709 | D:3      | Found a sparkling altar of Nemelex Xobeh.
  3712 | D:3      | Found a sacrificial altar of Ru.
  3887 | D:3      | Reached XP level 5. HP: 29/39 MP: 2/9
  4143 | D:3      | Noticed a centaur
  4152 | D:3      | Killed a centaur
  4248 | D:3      | Learned a level 3 spell: Summon Guardian Golem
  4253 | D:3      | Learned a level 4 spell: Fulminant Prism
  4365 | D:3      | Found a runed translucent door.
  4366 | D:3      | Noticed Crazy Yiuf
  4380 | D:3      | Killed Crazy Yiuf
  4381 | D:3      | Reached XP level 6. HP: 34/46 MP: 1/10
  4672 | D:4      | Reached skill level 6 in Conjurations
  5147 | D:4      | Reached skill level 1 in Short Blades
  5452 | D:4      | Noticed Duvessa
  5453 | D:4      | Noticed Dowan
  5488 | D:4      | Slain by Duvessa

Illustrated notes

Levels and vault maps discovered:
D:1:      minmay_arrival_radiant_lines, layout_rooms, minmay_misc_feat_iff
D:2:      layout_basic, dreamdust_ecumenical_altar_angels_and_demons,
          serial_park_tiny_pond, grunt_ministairs_10, uniq_natasha
D:3:      layout_basic, minmay_overflow_temple_star_quad,
          uniq_crazy_yiuf_cottage
D:4:      layout_loops_corners, st_stairs_12, uniq_duvessa, uniq_ijyb,
          uniq_robin

Skill      XL: |  1  2  3  4  5  6 |
---------------+-------------------+-----
Stealth        | 2 |  2.4
Dodging        | 2 |  2.6
Conjurations   | 5 6 |  6.2
Spellcasting   | 3 |  3.4
Short Blades   | 1 |  1.0
Fighting       | |  0.9
Unarmed Combat | |  0.2
Hexes          | |  0.1
Summonings     | |  0.2

Action                   |  1- 3 |  4- 6 || total
-------------------------+-------+-------++-------
Melee: Unarmed           |    26 |       ||    26
       Dagger            |     8 |    15 ||    23
       Punch             |     2 |       ||     2
       Tailslap          |     2 |     2 ||     4
       Short sword       |     8 |     3 ||    11
 Fire: Hunting sling     |       |     2 ||     2
 Cast: Magic Dart        |    52 |    54 ||   106
       Searing Ray       |     8 |    11 ||    19
       Summon Guardian G |       |     3 ||     3
  Use: Scroll            |     1 |     5 ||     6
Armor: Skin              |    36 |    24 ||    60
Dodge: Dodged            |    49 |    46 ||    95
